 Dungeon Crawl Stone Soup version 0.27-a0-899-ge2d0b17c59 (webtiles) character file.

Game seed: 978605405680857778

326 mhtbhm the Cudgeller (level 6, -1/38 HPs)
             Began as a Gargoyle Fighter on Apr 5, 2021.
             Killed by divine providence
             ... invoked by an orc priest
              (13 damage)
             ... on level 4 of the Dungeon.
             The game lasted 00:02:18 (1573 turns).

mhtbhm the Cudgeller (Gargoyle Fighter)             Turns: 1573, Time: 00:02:19

Health: -1/38      AC: 11    Str: 21    XL:     6   Next: 49%
Magic:  6/6        EV:  8    Int:  9    God:
Gold:   50         SH:  9    Dex:  9    Spells: 5/5 levels left

rFire    . . .     SeeInvis .   a - +0 flail
rCold    . . .     Faith    .   c - +0 kite shield
rNeg     + . .     Spirit   .   b - +0 scale mail
rPois    ∞         Reflect  .   (no helmet)
rElec    +         Harm     .   (no cloak)
rCorr    .         Rampage  .   (no gloves)
Will     .....                  (no boots)
Stlth    ..........             (no amulet)
HPRegen  0.12/turn              (no ring)
MPRegen  0.10/turn              (no ring)

@: no status effects
A: AC +4, negative energy resistance 1, electricity resistance, torment
resistance 1, unbreathing 1, petrification resistance
a: no special abilities


You were on level 4 of the Dungeon.
You visited 1 branch of the dungeon, and saw 3 of its levels.

You collected 50 gold pieces.

Inventory:

Hand Weapons
 a - a +0 flail (weapon)
Missiles
 e - 20 poisoned darts (quivered)
Armour
 b - a +0 scale mail (worn)
 c - a +0 kite shield (worn)
Jewellery
 k - a ring of protection from fire
Wands
 m - a wand of digging (6)
Scrolls
 d - a scroll of identify {unknown}
 f - a scroll of blinking {unknown}
 g - a scroll of noise {unknown}
 h - 3 scrolls of teleportation {unknown}
 j - a scroll of amnesia {unknown}
 l - a scroll of torment {unknown}


   Skills:
 + Level 4.0 Fighting
 + Level 4.6 Maces & Flails
 + Level 4.4 Armour
 + Level 1.1 Dodging
 + Level 0.3 Stealth
 + Level 4.3 Shields


You had 5 spell levels left.
You didn't know any spells.
Your spell library was empty.

Dungeon Overview and Level Annotations

Branches:
Dungeon (2/15)

Altars:

Shops:
D:2 !


Innate Abilities, Weirdness & Mutations

Your stone body is resilient. (AC +4)
You are immune to poison.
You resist negative energy. (rN+)
You are resistant to electric shocks. (rElec)
You are resistant to unholy torment.
You can survive without breathing.
You are immune to petrification.


Message History

You are too injured to fight recklessly!
You are too injured to fight recklessly!
You are too injured to fight recklessly!
You are too injured to fight recklessly!
You are too injured to fight recklessly!
You are too injured to fight recklessly!
You are too injured to fight recklessly!
You barely miss the orc wizard.
The orc wizard is heavily wounded.
The orc priest jeers loudly.
The orc priest calls down the wrath of Beogh upon you.
Beogh smites you!
* * * LOW HITPOINT WARNING * * *
The orc wizard barely misses you.
It was a potion of curing.
You feel better.
The orc wizard points at you and mumbles some strange words.
The puff of flame hits you.
Okay, then.
Okay, then.
You closely miss the orc wizard.
The orc wizard is heavily wounded.
You block the orc wizard's attack.
You sock the orc wizard!
You kill the orc wizard!
Your Fighting skill increases to level 4!
Unknown command.
You hit the orc.
You kill the orc!
The orc priest hits you with a +0 dagger.
You closely miss the orc priest.
The orc priest casts a cantrip, but nothing happens.
You closely miss the orc priest.
The orc priest hits you but does no damage. x2
You barely miss the orc priest.
The orc priest hits you with a +0 dagger.
* * * LOW HITPOINT WARNING * * *
You hit the orc priest but do no damage.
The orc priest calls down the wrath of Beogh upon you.
Beogh smites you!
You die...

#......# #. #......# #.
#......# ## #. #......#
#. #. #......# #. # #.
#......# #. #.. #.
#......# #.
#....#.#####....).######.
+.....oo@..'.............
#...##.#####......#####..
. ... ######## #.. ####
#.. #.. #.. #.# #.# #.#


You could see an orc priest and an orc.

Vanquished Creatures
  Menkaure (D:4)
  A black bear (D:4)
  Ijyb (D:4)
  An orc wizard (D:4)
  2 adders (D:2)
  A worm (D:2)
  An orc (D:4)
  3 endoplasms
  4 goblins
  8 hobgoblins
  11 jackals
  3 ball pythons
  2 bats (D:1)
  A frilled lizard (D:1)
  3 kobolds
  3 rats
46 creatures vanquished.

Vanquished Creatures (others)
  A fungus (D:2)
1 creature vanquished.

Grand Total: 47 creatures vanquished

Notes
Turn   | Place    | Note
-------+----------+-------------------------------------------
     0 | D:1      | mhtbhm the Gargoyle Fighter began the quest for the Orb.
     0 | D:1      | Reached XP level 1. HP: 14/14 MP: 1/1
    59 | D:1      | Reached XP level 2. HP: 19/19 MP: 2/2
   319 | D:1      | Reached XP level 3. HP: 19/23 MP: 3/3
  1000 | D:2      | Found Zoirr's Distillery.
  1337 | D:2      | Reached XP level 4. HP: 28/28 MP: 4/4
  1414 | D:2      | You fall into a shaft and drop 2 floors!
  1414 | D:4      | Noticed Menkaure
  1419 | D:4      | Killed Menkaure
  1420 | D:4      | Reached XP level 5. HP: 24/33 MP: 5/5
  1443 | D:4      | Noticed a black bear
  1444 | D:4      | Noticed Ijyb
  1449 | D:4      | Killed a black bear
  1450 | D:4      | Reached skill level 1 in Dodging
  1450 | D:4      | Reached XP level 6. HP: 25/38 MP: 6/6
  1453 | D:4      | Killed Ijyb
  1573 | D:4      | Killed from afar by an orc priest

Illustrated notes

Levels and vault maps discovered:
D:1:      dpeg_arrival_rooms_b, layout_rooms
D:2:      layout_loops_corners, serial_shops, shop, basic_ecumenical_altar,
          grunt_decor_resistance, minmay_misc_feat_doors,
          uniq_crazy_yiuf_cottage
D:4:      kennysheep_spiral_hall, layout_basic, uniq_ijyb, uniq_menkaure,
          uniq_pikel, uniq_natasha

Skill      XL: |  1  2  3  4  5  6 |
---------------+-------------------+-----
Maces & Flails | 3 4 |  4.6
Armour         | 4 |  4.4
Shields        | 4 |  4.3
Dodging        | 1 |  1.1
Fighting       | 4 |  4.0
Stealth        | |  0.3

Action                   |  1- 3 |  4- 6 || total
-------------------------+-------+-------++-------
Melee: Flail             |   120 |    39 ||   159
  Use: Potion            |       |     2 ||     2
Armor: Scale mail        |    94 |    14 ||   108
Dodge: Dodged            |    55 |    10 ||    65
Block: Kite shield       |    66 |    17 ||    83

Table legend: (Time is in decaauts)
 A = Elapsed time spent in this place.
 B = Non-inter-level travel time spent in this place.
 C = Inter-level travel time spent in this place.
 D = Time resting spent in this place.
 E = Time spent auto-exploring this place.
 F = Levels seen in this place.
 G = Mean time per level.
                   A        B        C        D        E       F      G
               +--------+--------+--------+--------+--------+-----+--------+
         Total |   1648 |   1648 |      0 |    227 |   1013 |   3 |  549.3 |
       Dungeon |   1648 |   1648 |      0 |    227 |   1013 |   3 |  549.3 |
               +--------+--------+--------+--------+--------+-----+--------+

Top non-repeatable levels by time:
     D:1: 759 daAuts
     D:2: 721 daAuts
     D:4: 167 daAuts
